 Dungeon Crawl Stone Soup version 0.17-a0-1718-g72dbe4d (webtiles) character file.

50 SirGodfroy the Sneak (level 3, 0/15 HPs)
             Began as a Felid Transmuter on Aug 24, 2015.
             Succumbed to an adder's poison
             ... on level 3 of the Dungeon.
             The game lasted 00:05:27 (2824 turns).

SirGodfroy the Sneak (Felid Transmuter)             Turns: 2824, Time: 00:05:28

Health: 0/15       AC:  1    Str:  7    XL:     3   Next: 55%
Magic:  7/7        EV: 19    Int: 14    God:
Gold:   172        SH:  0    Dex: 16    Spells: 1 memorised, 5 levels left
                                        Lives:  0   Deaths: 1

rFire  . . .     SeeInvis +       - Unarmed
rCold  . . .     Clarity  .     (armour unavailable)
rNeg   . . .     SustAt   .     (shield unavailable)
rPois  .         Gourm    .     (helmet unavailable)
rElec  .         Spirit   .     (cloak unavailable)
rCorr  .         Warding  .     (gloves unavailable)
rMut   .         Stasis   .     (boots unavailable)
MR     .....                    (no amulet)
Stlth  +++.......               (no ring)
                                (no ring)

@: lethally poisoned (0 -> -5), appendage (expiring), quick, not resistant to
hostile enchantments, fairly stealthy
A: no armour, no weapons or thrown items, claws 1, fangs 3, horns 2, see
invisible, carnivore 3, speed 1, shaggy fur 1, slow metabolism 1, sharp paws
a: End Transformation


You were on level 3 of the Dungeon.
You were not hungry.
You had grown temporary horns.
You visited 1 branch of the dungeon, and saw 3 of its levels.

You collected 172 gold pieces.

Inventory:

Missiles
 a - 22 arrows
Scrolls
 d - 3 scrolls of identify {unknown}
 e - a scroll of teleportation {unknown}
 g - a scroll of recharging {unknown}
 h - a scroll of enchant weapon {unknown}
 i - a scroll of enchant armour {unknown}
 k - a scroll of remove curse {unknown}
 l - a scroll of blinking {unknown}
Potions
 f - a potion of heal wounds {unknown}
 j - a potion of might {unknown}
 m - a potion of flight {unknown}
 n - a potion of magic {unknown}
Books
 b - a book of Changes

   Spells                             Type                      Level
   a - Beastly Appendage              Transmutation                1
   b - Sticks to Snakes               Transmutation                2
   c - Spider Form                    Transmutation/Poison         3
   d - Ice Form                       Ice/Transmutation            4
   e - Blade Hands                    Transmutation                5
Comestibles
 c - 2 meat rations


   Skills:
 - Level 1.0 Fighting
 + Level 3.6 Dodging
 * Level 4.4 Stealth
 + Level 3.6 Unarmed Combat
 - Level 2.0 Spellcasting
 - Level 2.1 Transmutations


You had 5 spell levels left.
You knew the following spells:

 Your Spells              Type           Power        Failure   Level  Hunger
a - Beastly Appendage     Trmt           #.....       12%         1    ##.....


Dungeon Overview and Level Annotations

Branches:
Dungeon (3/15)

Altars:
Kikubaaqudgha

Annotations:
D:3 SirGodfroy's ghost, average SpWr


Innate Abilities, Weirdness & Mutations

You cannot wear armour.
You are incapable of wielding weapons or throwing items.
You have sharp claws.
You have razor-sharp teeth.
You have supernaturally acute eyesight.
You are carnivorous and can eat meat at any time.
You cover ground quickly.
You are covered in fur (AC +1).
You have a slow metabolism.
Your sharp claws are effective at attacking unaware monsters.
You have a pair of horns on your head.


Message History

The adder barely misses you.
You barely miss the adder. Your headbutt misses the adder.
The adder is almost dead.
The adder bites you.
You miss the adder. Your headbutt misses the adder.
The adder is almost dead.
The adder closely misses you.
You miss the adder. Your headbutt misses the adder.
The adder is almost dead.
The adder bites you.
You are lethally poisoned!
The adder poisons you! The adder misses you.
You miss the adder.
The adder is almost dead.
* * * LOW HITPOINT WARNING * * *
You feel sick. The adder bites you.
* * * LOW HITPOINT WARNING * * *
You scratch the adder.
You kill the adder!
You die...

.........)..#
######.##### #.#
#.##########
#...........
#######.####
##########.#
#.#####..........####
#...@.........##.....
#...).....#####.##.....
########### #.######.
#.. ... #### ####


There were no monsters in sight!

Vanquished Creatures
  2 adders
  4 oozes
  A worm (D:2)
  A giant gecko (D:1)
  2 orcs (D:3)
  10 bats
  4 bat zombies (D:2)
  3 giant cockroaches
  3 goblins
  9 hobgoblins
  6 jackals
  2 kobolds
  A ball python (D:2)
  2 giant newts
  4 rats
  A rat zombie (D:2)
55 creatures vanquished.

Notes
Turn   | Place    | Note
--------------------------------------------------------------
     0 | D:1      | SirGodfroy the Felid Transmuter began the quest for the Orb.
     0 | D:1      | Reached XP level 1. HP: 9/9 MP: 4/4
    39 | D:1      | Reached skill level 1 in Stealth
    51 | D:1      | Reached XP level 2. HP: 2/12 MP: 4/6
   864 | D:1      | Reached XP level 3. HP: 8/15 MP: 5/7
  2196 | D:2      | Reached XP level 4. HP: 3/19 MP: 6/8
  2209 | D:2      | Reached skill level 4 in Stealth
  2650 | D:2      | Found an ancient bone altar of Kikubaaqudgha.
  2764 | D:3      | Noticed SirGodfroy's ghost (average SpWr)
  2802 | D:3      | Slain by SirGodfroy's ghost
  2803 | D:3      | Reached XP level 3. HP: 0/15 MP: 7/7
  2824 | D:3      | Succumbed to an adder's poison

Vault maps used:
D:1:      dpeg_arrival_pond
D:2:      lemuel_upstairs_altar, lemuel_zombie_altar_kikubaaqudgha, first_bread,
          grunt_ministairs_12
D:3:      nicolae_overflow_crystal_walls, serial_glass, glass_columns_b,
          glass_columns_c, glass_columns_b, glass_columns_a

Action                   |  1- 3 |  4- 6 || total
-------------------------+-------+-------++-------
Melee: Unarmed           |   109 |    55 ||   164
 Cast: Beastly Appendage |    24 |    10 ||    34
 Stab: Sleeping          |     3 |     1 ||     4
  Eat: Chunk             |    10 |       ||    10
